 Dungeon Sprint DCSS version 0.28-a0-851-g8b9cc49659 (webtiles) character file.

Game seed: 5212337448013225724

243 xpp the Covert (level 6, -2/36 HPs)
             Began as an Octopode Hedge Wizard on Nov 14, 2021.
             Was a Priest of Dithmenos.
             Slain by a jumping spider (19 damage)
             ... in the Dungeon (Sprint V: "Ziggurat Sprint").
             The game lasted 00:05:11 (173 turns).

xpp the Covert (Octopode Hedge Wizard)               Turns: 173, Time: 00:05:11

Health: -2/36      AC:  1    Str: 22    XL:     6   Next: 9%
Magic:  10/10      EV: 16    Int: 28    God:    Dithmenos [***...]
Gold:   0          SH: 10    Dex: 25    Spells: 10/11 levels left

rFire   . . .      SeeInvis .   D - +5 quick blade
rCold   . . .      Faith    .   a - +3 buckler
rNeg    . . .      Spirit   .   b - +0 hat
rPois   .          Reflect  .   (no amulet)
rElec   .          Harm     .   t - +6 ring of dexterity
rCorr   .          Rampage  .   s - ring of flight
Will    .....      NoTele   +   u - +6 ring of dexterity
Stlth   +++++++++.              v - +6 ring of intelligence
HPRegen 0.12/turn               w - +6 ring of intelligence
MPRegen 0.12/turn               x - +6 ring of strength
                                y - +6 ring of strength
                                (no ring)

@: flying, wreathed by umbra, invisible
A: almost no armour, amphibious, 8 rings, camouflage 1, gelatinous body 1,
(nimble swimmer 1), tentacles
a: Renounce Religion, Shadow Step


You were in the Dungeon.
You worshipped Dithmenos.
Dithmenos was most pleased with you.
You visited 1 branch

Inventory:

Hand Weapons
 D - a +5 quick blade (weapon)
 E - a +5 shortbow
Missiles
 F - 1000 arrows
Armour
 a - a +3 buckler (worn)
 b - a +0 hat (worn)
Jewellery
 s - a ring of flight (right tentacle)
 t - a +6 ring of dexterity (left tentacle)
 u - a +6 ring of dexterity (on tentacle)
 v - a +6 ring of intelligence (on tentacle)
 w - a +6 ring of intelligence (on tentacle)
 x - a +6 ring of strength (on tentacle)
 y - a +6 ring of strength (on tentacle)
Wands
 z - a wand of mindburst (7)
 A - a wand of iceblast (7)
 B - a wand of acid (6)
Scrolls
 h - 4 scrolls of blinking
 n - 4 scrolls of amnesia
 o - 7 scrolls of fog
 p - a scroll of holy word
 q - 5 scrolls of identify
 r - 2 scrolls of fear
 G - 4 scrolls of enchant armour
Potions
 c - 10 potions of curing
 d - 10 potions of heal wounds
 e - 6 potions of haste
 f - 7 potions of magic
 g - 3 potions of berserk rage
 i - 2 potions of brilliance
 j - a potion of invisibility
 k - 4 potions of resistance
 m - 5 potions of might
Miscellaneous
 l - a phial of floods
 C - a lightning rod (4/4)


   Skills:
 * Level 7.3 Short Blades
 + Level 4.3 Dodging
 * Level 11.7 Stealth
 * Level 5.2 Shields
 - Level 3.0 Spellcasting
 - Level 1.0 Conjurations
 - Level 1.0 Summonings
 - Level 1.0 Translocations


You had 10 spell levels left.
You knew the following spells:

 Your Spells              Type           Power      Damage    Failure   Level
a - Magic Dart            Conj           36%        1d4       5%          1

Your spell library contained the following spells:

 Spells                   Type           Power      Damage    Failure   Level
 Slow                     Hex            16%        N/A       9%          1
 Blink                    Tloc           18%        N/A       9%          2
 Call Imp                 Summ           9%         N/A       9%          2
 Conjure Flame            Conj/Fire      7%         6-21      21%         3
 Mephitic Cloud           Conj/Pois/Air  6%         N/A       22%         3
 Iskenderun's Battlesphe  Conj           9%         2d6       83%         5
 Fireball                 Conj/Fire      3%         3d4       88%         5
 Conjure Ball Lightning   Conj/Air       3%         3x3d6     100%        6
 Orb of Destruction       Conj           4%         9d2       100%        7


Dungeon Overview and Level Annotations

Branches:
Dungeon (1/1)

Altars:
Ashenzari
Cheibriados
Dithmenos
Elyvilon
Fedhas
Gozag
Hepliaklqana
Kikubaaqudgha
Makhleb
Nemelex Xobeh
Okawaru
Qazlal
Ru
Sif Muna
Trog
Uskayaw
Vehumet
Wu Jian
Xom
Yredelemnul
Zin
The Shining One
Beogh
Jiyva
Lugonu

Annotations:
D 1 transporter


Innate Abilities, Weirdness & Mutations

You cannot wear most types of armour.
You are amphibious.
You can wear up to eight rings at the same time.
Your skin changes colour to match your surroundings (Stealth+).
Your rubbery body absorbs attacks. (AC +1, EV +1)
((You are camouflaged near water. (Stealth+)))
You have tentacles for arms and can constrict up to eight enemies at once.


Message History

Your Dodging skill increases to level 4!
The helpless ufetubus fails to defend itself.
You spit the ufetubus like a pig!!!!
You kill the ufetubus!
Dithmenos accepts your kill.
The helpless ufetubus fails to defend itself.
You spit the ufetubus like a pig!!!!
You kill the ufetubus!
Dithmenos accepts your kill.
You will now sometimes bleed smoke when heavily injured by enemies.
You pick up a book of the Spheres and begin reading...
You add the spells Iskenderun's Battlesphere, Fireball, Conjure Ball Lightning and Orb of Destruction to your library.
G - 4 scrolls of enchant armour
There is a transporter here.
Welcome to arena 4.
You enter the transporter and appear at another place. 3 jumping spiders and a scorpion come into view.
Found four items.
Found a transporter.
The jumping spider hisses angrily. x2
You catch the helpless scorpion completely off-guard!
You perforate the scorpion like a sieve!!!
You kill the scorpion!
Dithmenos accepts your kill.
The jumping spider hisses angrily.
Your Stealth skill increases to level 11!
Your Shields skill increases to level 5!
You have reached level 6!
Your experience leads to an increase in your attributes!
Your base attributes are Str 10, Int 16, Dex 12.
Increase (S)trength, (I)ntelligence, or (D)exterity?
You feel agile. The jumping spider pounces on you!
You are caught in a web!
The jumping spider bites you.
There is a web here.
You see here a +5 shortbow of freezing.
The web tears apart.
The jumping spider barely misses you. The jumping spider closely misses you.
You block the jumping spider's attack. The jumping spider barely misses you.
The jumping spider pounces on you!!
Ouch! That really hurt!
You die...

▓..}..▓.....▓.|.[.▓
▓.....▓.....▓.....▓
▓.....▓.....▓.....▓
▓.....▓.....▓..©..▓
▓..©..▓..©..▓▓▓▓▓▓▓
▓▓▓▓▓▓▓▓▓▓▓▓▓▓
▓..8©8...▓
▓..ss}...▓
▓...@s...▓
▓........▓
▓........▓
▓.▓....▓.▓
▓...©....▓
▓▓▓▓▓▓▓▓▓▓


You could see 3 jumping spiders.

Vanquished Creatures
  A scorpion (D)
  2 crimson imps (D)
  An iron imp (D)
  2 jellies (D)
  A shadow imp (D)
  3 ufetubi (D)
10 creatures vanquished.

Notes
Turn   | Place    | Note
-------+----------+-------------------------------------------
     0 | D        | xpp the Octopode Hedge Wizard began the quest for the Orb.
     0 | D        | Reached XP level 1. HP: 11/11 MP: 4/4
     0 | D        | Found a shimmering blue altar of Sif Muna.
     0 | D        | Found a sacrificial altar of Ru.
     0 | D        | Found a bloodstained altar of Trog.
     0 | D        | Found a stormy altar of Qazlal.
     0 | D        | Found an iron altar of Okawaru.
     0 | D        | Found a sparkling altar of Nemelex Xobeh.
     0 | D        | Found a blossoming altar of Fedhas.
     0 | D        | Found the +6 Majin-Bo {vamp, MP+6 Int+6}
     0 | D        | Found the +9 heavy crossbow "Sniper" {vorpal, Acc+∞ SInv}
     0 | D        | Found the +10 dark maul {vorpal}
     0 | D        | Found the +15 Maxwell's patent armour {-Cast -Tele rElec
                  | Will+ rCorr}
     0 | D        | Found the +18 shield of the Gong {rElec rN+ Will+ EV-5}
     0 | D        | Found the +14 obsidian axe {vorpal, Mesm Drain Fly SInv}
     0 | D        | Found the +7 great mace "Firestarter" {inner flame, rF++}
     0 | D        | Found the +6 shillelagh "Devastator" {shatter}
     0 | D        | Found the +11 plutonium sword {Contam Stlth-}
     0 | D        | Found the +8 lance "Wyrmbane" {slay drac, rPois rF+ rC+
                  | AC+3}
     0 | D        | Found the +9 sword of Zonguldrok {reap}
     0 | D        | Found the +13 scythe of Curses {drain, Drain}
     0 | D        | Found the +5 sword of Power {vorpal}
     0 | D        | Found the +7 mace of Variability {chain chaos}
     0 | D        | Found the +7 Singing Sword {vorpal, sonic wave}
     0 | D        | Found the +8 storm bow {elec, penet}
     2 | D        | Found a transporter.
     2 | D        | Found an ancient bone altar of Kikubaaqudgha.
     2 | D        | Found a viscous altar of Jiyva.
     2 | D        | Found a corrupted altar of Lugonu.
     2 | D        | Found a hazy altar of Hepliaklqana.
     2 | D        | Found a burning altar of Makhleb.
     2 | D        | Found an opulent altar of Gozag.
     6 | D        | Banished a spatial maelstrom
     7 | D        | Banished a spatial maelstrom
    29 | D        | Banished a spatial maelstrom
    59 | D        | Reached skill level 5 in Short Blades
    59 | D        | Reached skill level 7 in Stealth
    59 | D        | Reached XP level 2. HP: 17/17 MP: 6/6
    69 | D        | Became a worshipper of Dithmenos the Shadowed
    77 | D        | Entered arena 2.
    77 | D        | Found a transporter.
    85 | D        | Reached skill level 8 in Stealth
    85 | D        | Reached skill level 1 in Shields
    85 | D        | Reached XP level 3. HP: 21/21 MP: 3/7
    88 | D        | Reached skill level 9 in Stealth
    88 | D        | Reached XP level 4. HP: 22/27 MP: 2/8
   141 | D        | Entered arena 3.
   141 | D        | Found a transporter.
   146 | D        | Reached * piety under Dithmenos
   153 | D        | Entered arena 4.
   153 | D        | Found a transporter.
   157 | D        | Reached ** piety under Dithmenos
   158 | D        | Reached skill level 10 in Stealth
   158 | D        | Reached XP level 5. HP: 31/31 MP: 9/9
   161 | D        | Reached *** piety under Dithmenos
   167 | D        | Entered arena 5.
   167 | D        | Noticed a jumping spider
   167 | D        | Noticed a jumping spider
   167 | D        | Noticed a jumping spider
   167 | D        | Found a transporter.
   172 | D        | Reached skill level 11 in Stealth
   172 | D        | Reached skill level 5 in Shields
   172 | D        | Reached XP level 6. HP: 36/36 MP: 10/10
   173 | D        | Slain by a jumping spider

Illustrated notes

Levels and vault maps discovered:
D:        sprint_v [room_start, room_1, room_2, room_3, room_4, room_5, room_6,
          room_7, room_8, room_9, room_10, room_11, room_12, room_13, room_14,
          room_15, room_16, room_17, room_18, room_19, room_20, room_21,
          room_22, room_23, room_24, room_25, room_26, room_27]

Skill      XL: |  1  2  3  4  5 |
---------------+----------------+-----
Short Blades   | 5 6 7 |  7.3
Stealth        | 7 8 9 10 11 | 11.7
Shields        | 1 2 4 5 |  5.2
Dodging        | 3 4 |  4.3
Spellcasting   | |  3.0
Conjurations   | |  1.0
Summonings     | |  1.0
Translocations | |  1.0

Action                   |  1- 3 |  4- 6 || total
-------------------------+-------+-------++-------
Melee: Quick blade       |     3 |     8 ||    11
       Tentacles         |     1 |       ||     1
 Cast: Magic Dart        |     4 |       ||     4
Evoke: Wand              |     1 |       ||     1
  Use: Potion            |     1 |     1 ||     2
 Stab: Sleeping          |       |     7 ||     7
       Invisible         |       |     1 ||     1
Armor: Skin              |     1 |       ||     1
Dodge: Dodged            |     3 |     3 ||     6
Block: Buckler           |     4 |     1 ||     5

Table legend: (Time is in decaauts)
 A = Elapsed time spent in this place.
 B = Non-inter-level travel time spent in this place.
 C = Inter-level travel time spent in this place.
 D = Time resting spent in this place.
 E = Time spent auto-exploring this place.
 F = Levels seen in this place.
 G = Mean time per level.
                   A        B        C        D        E       F      G
               +--------+--------+--------+--------+--------+-----+--------+
         Total |    162 |    162 |      0 |     45 |      5 |   1 |  162.0 |
       Dungeon |    162 |    162 |      0 |     45 |      5 |   1 |  162.0 |
               +--------+--------+--------+--------+--------+-----+--------+

Top non-repeatable levels by time:
       D: 162 daAuts
